 Dungeon Crawl Stone Soup version 0.29-a0-241-g20d21d4356 (webtiles) character file.

Game seed: 13975575162360637495

130 Aksej the Cutter (level 4, -2/35 HPs)
             Began as a Demonspawn Gladiator on Mar 4, 2022.
             Slain by an orc wizard
             ... wielding a +0 dagger
              (4 damage)
             ... on level 4 of the Dungeon.
             The game lasted 00:05:05 (2245 turns).

Aksej the Cutter (Demonspawn Gladiator)             Turns: 2245, Time: 00:05:05

Health: -2/35      AC:  6    Str: 14    XL:     4   Next: 89%
Magic:  4/4        EV: 12    Int:  9    God:
Gold:   114        SH:  4    Dex: 17    Spells: 2/3 levels left

rFire   + . .      SeeInvis .   a - +0 rapier (chaos)
rCold   + . .      Faith    .   g - +0 buckler
rNeg    . . .      Spirit   .   b - +0 leather armour
rPois   +          Reflect  .   c - +0 helmet
rElec   +          Harm     .   o - +0 cloak
rCorr   +          Rampage  .   (no gloves)
Will    .....                   h - +0 pair of boots
Stlth   +.........              (no amulet)
HPRegen 0.11/turn               (no ring)
MPRegen 0.09/turn               (no ring)

@: resistant
A: claws 1, ignite blood 1
a: no special abilities


You were on level 4 of the Dungeon.
You visited 1 branch of the dungeon, and saw 4 of its levels.

You collected 114 gold pieces.

Inventory:

Hand Weapons
 a - a +0 rapier of chaos (weapon)
Missiles
 d - 3 throwing nets (quivered)
 u - 3 boomerangs
Armour
 b - a +0 leather armour (worn)
 c - a +0 helmet (worn)
 g - a +0 buckler (worn)
 h - a +0 pair of boots (worn)
 o - a +0 cloak (worn)
Jewellery
 p - a ring of fire
 s - a ring of resist corrosion
Scrolls
 k - 3 scrolls of teleportation
 q - a scroll of enchant weapon {unknown}
Potions
 e - a potion of might {unknown}
 f - a potion of magic {unknown}
 i - a potion of curing {unknown}
 j - a potion of resistance
 l - a potion of mutation {unknown}
 m - a potion of lignification {unknown}
 n - a potion of brilliance {unknown}
 r - a potion of degeneration {unknown}
 t - a potion of flight {unknown}
 v - a potion of attraction {unknown}


   Skills:
 * Level 3.0 Fighting
 + Level 3.6 Short Blades
 + Level 2.0 Throwing
 + Level 0.9 Armour
 + Level 3.4 Dodging
 + Level 0.5 Stealth
 + Level 0.1 Spellcasting


You had 2 spell levels left.
You knew the following spells:

 Your Spells              Type           Power      Damage    Failure   Level
a - Animate Skeleton      Necr           0%         N/A       56%         1

Your spell library contained the following spells:

 Spells                   Type           Power      Damage    Failure   Level
 Pain                     Necr           0%         1d4       56%         1
 Ensorcelled Hibernation  Hex/Ice        0%         N/A       71%         2
 Passwall                 Tmut/Erth      0%         N/A       71%         2
 Vampiric Draining        Necr           0%         2d6       90%         3
 Call Canine Familiar     Summ           0%         N/A       91%         3
 Portal Projectile        Hex/Tloc       0%         N/A       91%         3
 Swiftness                Air            0%         N/A       91%         3
 Leda's Liquefaction      Hex/Erth       0%         N/A       100%        4


Dungeon Overview and Level Annotations

Branches:
Dungeon (4/15)
 Temple: D:4-7

Altars:
Kikubaaqudgha

Annotations:
D:4 2 transporters, dricus's ghost, amateur OpFi


Innate Abilities, Weirdness & Mutations

You have sharp fingernails.
Your demonic aura sometimes causes spilled blood to erupt in flames.


Message History

The hound barely misses you. Something hits you but does no damage.
An orc comes into view. It is wielding a +0 flail.
You block the orc wizard's attack.
You barely miss something.
The orc shouts!
The hound bites you. Something hits you but does no damage.
The hound bites you.
A ball python comes into view.
The orc wizard completely misses you.
The ball python hisses angrily.
You hit something. The hound bites you but does no damage. Something hits you.
You block the orc wizard's attack.
You hit the orc wizard but do no damage.
The orc wizard is almost dead.
The hound barely misses you. Something hits you. The hound bites you.
The orc wizard hits you but does no damage.
You hit the orc wizard. You freeze the orc wizard.
You kill the orc wizard!
The hound bites you but does no damage.
Your Fighting skill increases to level 3!
You block the hound's attack. The orc hits you but does no damage.
Something hits you but does no damage. The hound closely misses you.
You closely miss something. You block the hound's attack.
The orc hits you with a +0 club. Something hits you.
The orc hits you with a +0 flail.
You barely miss the orc. The hound misses you. You block the orc's attack.
You hear some strange, mumbled words.
A magic dart appears from out of thin air!
The magic dart hits you!
* * * LOW HITPOINT WARNING * * *
The hound bites you.
* * * LOW HITPOINT WARNING * * *
The orc hits you with a +0 flail.
* * * LOW HITPOINT WARNING * * *
It was a potion of resistance.
You feel protected. The hound barely misses you.
The orc hits you with a +0 club.
* * * LOW HITPOINT WARNING * * *
Something hits you.
You die...

############... #... ..#..#.
..)[Z..Z.#... ... ....#
..........#... ... #...#
.##...##..#... #.. #...# 8...
#..#... ##.# ##...# #.. #..#... #
..# ...S#.....©.....#..#
#..##.##.######oo#..##...##..#..#
...o.<.........h@#..#8...8#..#..#
?.w.o..########{.#?.##...##..#..#
........# #..#.Z.........#..#
..o.....# ###..#©W.W.Z.....#...
........# ##....#############...
.......## #...........©...).....
.##...## #......................
# ##### #......................
#......................


You could see a hound, 2 orcs and a ball python.

Vanquished Creatures
  Terence (D:2)
  An orc wizard (D:4)
  3 adders (D:3)
  A white imp (D:3)
  2 dart slugs (D:3)
  An orc (D:3)
  4 ball pythons
  6 endoplasms
  A giant cockroach (D:3)
  3 goblins (D:1)
  3 hobgoblins
  6 kobolds
  A quokka (D:1)
  4 bats
  A frilled lizard (D:1)
  4 rats
42 creatures vanquished.

Vanquished Creatures (others)
  A human (D:3)
1 creature vanquished.

Grand Total: 43 creatures vanquished

Notes
Turn   | Place    | Note
-------+----------+-------------------------------------------
     0 | D:1      | Aksej the Demonspawn Gladiator began the quest for the Orb.
     0 | D:1      | Reached XP level 1. HP: 16/16 MP: 1/1
   130 | D:1      | Gained mutation: Your demonic aura sometimes causes spilled
                  | blood to erupt in flames. [demonic ancestry]
   130 | D:1      | Reached XP level 2. HP: 20/22 MP: 2/2
   991 | D:2      | Noticed Terence
   996 | D:2      | Killed Terence
   997 | D:2      | Reached XP level 3. HP: 21/28 MP: 3/3
  1436 | D:3      | Learned a level 1 spell: Animate Skeleton
  1447 | D:3      | Found an ancient bone altar of Kikubaaqudgha.
  1578 | D:3      | Gained mutation: You have sharp fingernails. [demonic
                  | ancestry]
  1578 | D:3      | Reached XP level 4. HP: 25/34 MP: 4/4
  2116 | D:3      | Noticed a human
  2117 | D:3      | Killed a human
  2130 | D:4      | Noticed a phantom
  2190 | D:4      | Found a transporter.
  2191 | D:4      | Noticed a phantom
  2211 | D:4      | Noticed dricus's ghost (amateur OpFi)
  2216 | D:4      | Found a transporter.
  2245 | D:4      | Slain by an orc wizard

Illustrated notes

Levels and vault maps discovered:
D:1:      lightli_arrival_quake, layout_rooms
D:2:      layout_basic, serial_curves, eino_curves_04, eino_curves_03,
          uniq_terence
D:3:      layout_rooms, tgw_kikubaaqudgha
D:4:      layout_rooms, mainiacjoe_overflow_small_starburst, kennysheep_mini,
          lemuel_doored_altar, serial_shops, nicolae_shop_bloodbath_and_beyond,
          gammafunk_ghost_mausoleum

Skill      XL: |  1  2  3  4 |
---------------+-------------+-----
Dodging        | 3 |  3.4
Short Blades   | 3 |  3.6
Throwing       | 2 |  2.0
Fighting       | 3 |  3.0
Armour         | |  0.9
Stealth        | |  0.5
Spellcasting   | |  0.1

Action                   |  1- 3 |  4- 6 || total
-------------------------+-------+-------++-------
Melee: Rapier            |    67 |    50 ||   117
 Cast: Animate Skeleton  |     2 |     3 ||     5
  Use: Scroll            |     3 |     2 ||     5
       Potion            |       |     1 ||     1
 Stab: Sleeping          |     2 |     1 ||     3
Armor: Leather armour    |    14 |    20 ||    34
Dodge: Dodged            |    29 |    30 ||    59
Block: Buckler           |     2 |    16 ||    18

Table legend: (Time is in decaauts)
 A = Elapsed time spent in this place.
 B = Non-inter-level travel time spent in this place.
 C = Inter-level travel time spent in this place.
 D = Time resting spent in this place.
 E = Time spent auto-exploring this place.
 F = Levels seen in this place.
 G = Mean time per level.
                   A        B        C        D        E       F      G
               +--------+--------+--------+--------+--------+-----+--------+
         Total |   2255 |   2194 |     61 |      0 |   1792 |   4 |  563.8 |
       Dungeon |   2255 |   2194 |     61 |      0 |   1792 |   4 |  563.8 |
               +--------+--------+--------+--------+--------+-----+--------+

Top non-repeatable levels by time:
     D:2: 811 daAuts
     D:3: 757 daAuts
     D:1: 604 daAuts
     D:4: 82 daAuts
